 Dungeon Crawl Stone Soup version 0.31-a0-202-g547052bce9 (webtiles) character file.

Game seed: 1460921206115518709

194 qw the Skirmisher (level 5, 0/29 HPs)
             Began as a Deep Elf Hunter on June 26, 2023.
             Succumbed to a scorpion's poison
             ... on level 3 of the Dungeon.
             The game lasted 00:00:38 (1538 turns).

qw the Skirmisher (Deep Elf Hunter)                 Turns: 1538, Time: 00:00:38

Health: 0/29       AC:  5    Str: 10    XL:     5   Next: 44%
Magic:  7/7        EV: 11    Int: 14    God:
Gold:   35         SH:  0    Dex: 18    Spells: 4/4 levels left

rFire   . . .        Y - +0 shortbow
rCold   . . .        (shield currently unavailable)
rNeg    . . .        d - +0 ring mail
rPois   .            (no helmet)
rElec   .            (no cloak)
rCorr   .            (no gloves)
SInv    .            (no boots)
Will    .....        (no amulet)
Stlth   +            (no ring)
HPRegen 0.24/turn    (no ring)
MPRegen 0.10/turn

%: no passive effects
@: lethally poisoned (0 -> -1)
A: no striking features
a: no special abilities


You were on level 3 of the Dungeon.
You visited 1 branch of the dungeon, and saw 3 of its levels.

You collected 155 gold pieces.
You spent 120 gold pieces at shops.


   Skills:
 + Level 1.5 Fighting
 - Level 9.0 Ranged Weapons
 - Level 2.4 Dodging
 - Level 1.2 Stealth


You had 4 spell levels left.
You didn't know any spells.
Your spell library was empty.

Inventory:

Hand Weapons
 Y - a +0 shortbow (weapon)
Armour
 b - a +0 pair of gloves
 d - a +0 ring mail (worn)
Potions
 c - a potion of might {unknown}
 i - a potion of curing

Dungeon Overview and Level Annotations

Branches:
Dungeon (3/15)

Altars:

Shops:
D:2 !


Message History

The scorpion is moderately wounded.
The scorpion stings you. x2
You shoot an arrow. The arrow hits the scorpion.
The scorpion is heavily wounded.
The gnoll hits you from afar with a +0 spear.
The scorpion stings you.
1531 ||| DRINKING potion of heal wounds.
You feel much better. The scorpion stings you.
You are poisoned.
The scorpion poisons you! The gnoll barely misses you.
You shoot an arrow. The arrow closely misses the scorpion.
You feel very sick.
The scorpion stings you but does no damage.
The gnoll hits you from afar with a +0 spear.
The scorpion stings you.
You shoot an arrow.
The arrow hits the scorpion but does no damage.
The scorpion is heavily wounded.
You feel sick. The gnoll hits you but does no damage.
The scorpion stings you but does no damage.
The gnoll hits you from afar with a +0 spear.
You shoot an arrow. The arrow closely misses the scorpion.
You feel sick. The scorpion closely misses you. The gnoll misses you.
You shoot an arrow. The arrow hits the scorpion.
The scorpion is almost dead.
You feel sick.
The scorpion stings you but does no damage.
The scorpion stings you. The gnoll hits you but does no damage.
You shoot an arrow. The arrow hits the scorpion.
You kill the scorpion!
You feel sick. The gnoll barely misses you.
Your Ranged Weapons skill increases to level 9!
You shoot an arrow. The arrow barely misses the gnoll.
You feel sick.
The gnoll hits you from afar with a +0 spear.
You shoot an arrow.
The arrow hits the gnoll but does no damage.
The gnoll is severely wounded.
You die...

#####........#
#..%##...## #...# #.##
#.# #...# ## #.# #...#
#.. #...# ..#
#...##### #.###
#####..g#...#### #.#..
........%@....<#
#####.#..
...............#
#........
.<.............#
#.###.#..
###.#...#....###
#.###.#.. #.#...#.##.#
#...<.### # #...#(##.#
#.##### #
#...#.##.#####.#######
#.).#.#.#......##.....
......##.#####...%####


You could see a gnoll.

Vanquished Creatures
  A scorpion (D:3)
  Natasha (twice) (D:2)
  3 gnolls (D:3)
  An adder (D:3)
  A worm (D:2)
  2 dart slugs
  6 bats
  6 endoplasms
  A giant cockroach (D:1)
  3 hobgoblins
  8 ball pythons
  3 frilled lizards
  4 goblins
  5 kobolds
  2 rats
48 creatures vanquished.

Notes
Turn   | Place    | Note
-------+----------+-------------------------------------------
     0 | D:1      | qw the Deep Elf Hunter began the quest for the Orb.
     0 | D:1      | Reached XP level 1. HP: 12/12 MP: 3/3
     0 | D:1      | 0 ||| qw: Version: 0.3-a-22-g0ed2b0b
     0 | D:1      | 0 ||| qw: Game counter: 5953
     0 | D:1      | 0 ||| qw: Melee chars always use a shield: true
     0 | D:1      | 0 ||| qw: God list: Okawaru
     0 | D:1      | 0 ||| qw: Allow faded altars: false
     0 | D:1      | 0 ||| qw: Do Orc after clearing Dungeon:15 true
     0 | D:1      | 0 ||| qw: Do second Lair branch before Depths: true
     0 | D:1      | 0 ||| qw: Lair rune preference: random
     0 | D:1      | 0 ||| qw: Goals: Normal
     0 | D:1      | 0 ||| PLANNING D:1-11
   109 | D:1      | Found a faded altar of an unknown god.
   148 | D:1      | Reached XP level 2. HP: 16/16 MP: 4/4
   150 | D:1      | Reached skill level 6 in Ranged Weapons
   491 | D:1      | 491 ||| UPGRADING to +0 ring mail.
   501 | D:1      | 501 ||| DROPPING +0 leather armour.
   502 | D:1      | 502 ||| DROPPING +6 ring of intelligence.
   503 | D:1      | 503 ||| READING 2 scrolls labelled DAIFOUNWAJ.
   506 | D:1      | 506 ||| READING scroll labelled OCYMESTRO OMEL.
   507 | D:1      | 507 ||| READING scroll labelled NAM GAPIASEWY.
   508 | D:1      | 508 ||| DRINKING 2 metallic amethyst potions.
   509 | D:1      | 509 ||| DROPPING scroll of butterflies.
   585 | D:2      | Reached XP level 3. HP: 20/20 MP: 5/5
   622 | D:2      | Noticed Natasha
   626 | D:2      | Killed Natasha
   627 | D:2      | Reached skill level 7 in Ranged Weapons
   656 | D:2      | Noticed Natasha
   660 | D:2      | Killed Natasha
   661 | D:2      | Reached XP level 4. HP: 25/25 MP: 6/6
  1282 | D:2      | Found Zigiub's Distillery.
  1291 | D:2      | 1291 ||| BUYING 2 potions of heal wounds (120 gold).
  1291 | D:2      | Bought 2 potions of heal wounds for 120 gold pieces
  1291 | D:2      | 1291 ||| SHOPLISTING potion of curing (36 gold, have 12).
  1291 | D:2      | 1291 ||| SHOPLISTING potion of haste (120 gold, have 12).
  1291 | D:2      | 1291 ||| SHOPLISTING potion of heal wounds (60 gold, have
                  | 12).
  1291 | D:2      | 1291 ||| SHOPLISTING potion of might (48 gold, have 12).
  1291 | D:2      | 1291 ||| SHOPLISTING potion of resistance (120 gold, have
                  | 12).
  1291 | D:2      | 1291 ||| DROPPING amulet of magic regeneration.
  1292 | D:2      | 1292 ||| READING scroll labelled NYET XECIS.
  1414 | D:3      | Reached skill level 8 in Ranged Weapons
  1472 | D:3      | 1472 ||| Stepping ~*~*~tactically~*~*~ (outnumbered).
  1474 | D:3      | Noticed a scorpion
  1483 | D:3      | HP: 1/25 [gnoll/+0 flail (7)]
  1484 | D:3      | 1484 ||| READING scroll of teleportation.
  1485 | D:3      | 1485 ||| DRINKING 2 potions of heal wounds.
  1487 | D:3      | Reached XP level 5. HP: 10/29 MP: 7/7
  1530 | D:3      | HP: 5/29 [scorpion (3)]
  1531 | D:3      | 1531 ||| DRINKING potion of heal wounds.
  1535 | D:3      | HP: 7/29 [scorpion (4)]
  1537 | D:3      | Reached skill level 9 in Ranged Weapons
  1537 | D:3      | HP: 1/29 [gnoll/+0 spear (4)]
  1538 | D:3      | Succumbed to a scorpion's poison

Levels and vault maps discovered:
D:1:      nzn_arrival_water_spiral, layout_basic,
          shapermc_ecumenical_altar_petra
D:2:      layout_loops_ring, serial_shops, shop, uniq_natasha
D:3:      layout_loops_cross, uniq_ijyb

Skill      XL: |  1  2  3  4  5 |
---------------+----------------+-----
Ranged Weapons | 6 7 8 9 |  9.0
Fighting       | |  1.5
Dodging        | |  2.4
Stealth        | |  1.2

Action                     |  1- 3 |  4- 6 || total
---------------------------+-------+-------++-------
   Fire: Shortbow          |    73 |    78 ||   151
    Use: Scroll            |     3 |     2 ||     5
         Potion            |     1 |     2 ||     3
 Armour: Leather armour    |    12 |       ||    12
         Ring mail         |       |    12 ||    12
  Dodge: Dodged            |    14 |    21 ||    35

Table legend:
 A = Non-vault XP
 B = Vault XP
 C = Vault XP percentage of total XP
 D = Non-vault monster count
 E = Vault monster count
 F = Vault count percentage of total count
                 A         B        C        D         E       F
            +---------+---------+-------+---------+---------+-------
      Total |     243 |      35 |  12.6 |      47 |       1 |   2.1
            +---------+---------+-------+---------+---------+-------
        D:1 |      37 |       0 |   0.0 |      23 |       0 |   0.0
        D:2 |      62 |      35 |  36.1 |      15 |       1 |   6.2
        D:3 |     144 |       0 |   0.0 |       9 |       0 |   0.0
            +---------+---------+-------+---------+---------+-------
